 Dungeon Crawl Stone Soup version 0.31-a0-150-g89dc3ad700 (webtiles) character file.

Game seed: 3630109820547759078

46902 qw the Marksminotaur (level 14, -1/135 HPs)
             Began as a Minotaur Hunter on June 8, 2023.
             Was an Elder of Okawaru.
             Killed from afar by a swamp dragon (3 damage)
             ... with a blast of poison
             ... on level 5 of the Lair of Beasts.
             The game lasted 00:07:35 (14980 turns).

qw the Marksminotaur (Minotaur Hunter)             Turns: 14980, Time: 00:07:35

Health: -1/135     AC: 17    Str: 16    XL:     14   Next: 6%
Magic:  19/20      EV: 30    Int:  6    God:    Okawaru [****..]
Gold:   1104       SH:  0    Dex: 25    Spells: 13/13 levels left

rFire   . . .        i - +4 orcbow
rCold   . . .        (shield currently unavailable)
rNeg    . . .        b - +2 ring mail "Rethih Zooga" {rElec Regen+ Slay+2 SInv}
rPois   .            d - +1 hat
rElec   +            (no cloak)
rCorr   .            o - +1 pair of gloves
SInv    +            a - +0 pair of boots
Will    +....        g - amulet of the acrobat
Stlth   +++          p - +6 ring of dexterity
HPRegen 1.22/turn    n - +5 ring of evasion
MPRegen 0.17/turn

%: acrobat
@: lethally poisoned (-1 -> -79), about to teleport, heroic, finesse-ful
A: horns 2, retaliatory headbutt, talons 1, iridescent scales 1
a: Renounce Religion, Heroism, Finesse


You were on level 5 of the Lair of Beasts.
You worshipped Okawaru.
Okawaru was greatly pleased with you.
You visited 3 branches of the dungeon, and saw 17 of its levels.

You collected 1122 gold pieces.
You spent 18 gold pieces at shops.


Innate Abilities, Weirdness & Mutations

You have a pair of horns on your head.
You reflexively headbutt those who attack you in melee.
You have sharp toenails.
You are partially covered in iridescent scales. (AC +2)


   Skills:
 - Level 15.0(20.0) Fighting
 - Level 16.0(21.0) Ranged Weapons
 - Level 8.0(13.0) Armour
 + Level 12.1(17.1) Dodging
 - Level 0.7(5.7) Stealth
 - Level 10.0 Invocations


You had 13 spell levels left.
You didn't know any spells.
Your spell library was empty.

Inventory:

Hand Weapons
 i - a +4 orcbow (weapon)
Armour
 a - a +0 pair of boots (worn)
 b - the +2 ring mail "Rethih Zooga" (worn) {rElec Regen+ Slay+2 SInv}
   (You acquired it on level 2 of the Dungeon)

   Slay:      It affects your accuracy & damage with ranged weapons and melee
   (+2).
   rElec:     It insulates you from electricity.
   SInv:      It lets you see invisible.
   Regen:     It increases your rate of health regeneration.
 d - a +1 hat (worn)
 o - a +1 pair of gloves (worn)
Jewellery
 g - an amulet of the acrobat (around neck)
 n - a +5 ring of evasion (right hand)
 p - a +6 ring of dexterity (left hand)
Wands
 s - a wand of digging (7)
Scrolls
 e - 6 scrolls of teleportation
 j - a scroll of identify
Potions
 c - 4 potions of heal wounds
 f - 2 potions of haste
 h - a potion of magic
 k - 6 potions of curing
 l - a potion of cancellation
 m - a potion of mutation
 q - a potion of might

Dungeon Overview and Level Annotations

Branches:
Dungeon (11/15)            Temple (1/1) D:6            Lair (5/5) D:11
 Shoals (0/4) Lair:2       Spider (0/4) Lair:3        Slime (0/5) Lair:5
    Orc (0/2) D:11

Altars:
Ashenzari
Cheibriados
Dithmenos
Elyvilon
Fedhas
Gozag
Hepliaklqana
Kikubaaqudgha
Makhleb
Nemelex Xobeh
Okawaru
Qazlal
Ru
Sif Muna
Trog
Uskayaw
Vehumet
Wu Jian
Xom
Yredelemnul
Zin
The Shining One
Jiyva

Shops:
D:2 *   D:11 (

Annotations:
D:4 2 transporters
D:10 4 transporters, 3 runed translucent doors, qw's ghost, journeyman GrHu
Lair:4 3 runed translucent doors, qw's ghost, journeyman GrFi
Lair:5 2 runed translucent doors


Message History

You shoot an arrow. The arrow hits the swamp dragon.
The swamp dragon is heavily wounded.
You are engulfed in poison gas.
You are more poisoned.
You feel very sick.
You shoot an arrow.
The arrow hits the swamp dragon but does no damage.
The swamp dragon is heavily wounded.
You are engulfed in poison gas.
You are more poisoned.
You feel very sick.
You shoot an arrow. The arrow hits the swamp dragon.
The swamp dragon is heavily wounded.
You are engulfed in poison gas.
You are more poisoned.
You feel extremely sick.
The swamp dragon breathes poison at you.
The blast of poison misses you.
You shoot an arrow.
The arrow barely misses the swamp dragon.
You are engulfed in poison gas.
You are more poisoned.
You feel very sick.
You shoot an arrow. The arrow hits the swamp dragon!
The swamp dragon is severely wounded.
You are engulfed in poison gas.
You are more poisoned.
You feel extremely sick.
You shoot an arrow. The arrow hits the swamp dragon.
The swamp dragon is severely wounded.
You are engulfed in poison gas.
You are more poisoned.
You feel extremely sick.
14980 ||| READING 7 scrolls of teleportation.
As you read the scroll of teleportation, it crumbles to dust.
You feel strangely unstable.
You are engulfed in poison gas.
You are more poisoned.
You feel extremely sick.
The swamp dragon breathes poison at you.
The blast of poison engulfs you.
You are more poisoned.
You die...

...# 77.7.~.7
...# 77..~~77
..7 ...#
7...~~77 ~~~
#### 77...~.77
.~~. 77..P.~77
D~~.7
777...~770~..7
77..000~P.7
7.70000.77


777@00077 777777 You could see a swamp dragon (catching breath).

Vanquished Creatures
  A fire dragon (Lair:5)
  Erolcha (D:10)
  3 boulder beetles
  A two-headed ogre (D:10)
  Nergalle (Lair:1)
  A skyshark (Lair:4)
  A lindwurm (Lair:5)
  A wizard (D:11)
  2 ugly things
  A cyclops (D:11)
  3 black mambas
  11 elephants
  A rust devil (D:8)
  Maggie (D:7)
  17 cane toads
  5 torpor snails (Lair:5)
  A gargoyle (D:11)
  10 komodo dragons
  An efreet (D:11)
  9 rime drakes
  4 merfolk (Lair:2)
  7 trolls
  A polar bear (Lair:5)
  9 hornets
  4 tyrant leeches (Lair:5)
  Prince Ribbit (D:6)
  12 blink frogs
  A slime creature (D:11)
  A vampire (D:11)
  3 wyverns
  32 yaks
  2 basilisks
  11 vampire mosquitoes (D:10)
  Grum (D:8)
  A redback (Lair:3)
  5 acid dragons
  2 hell hounds (Lair:3)
  10 water moccasins
  A swamp drake (Lair:5)
  8 orc warriors
  2 sky beasts
  2 black bears
  3 ogres
  2 ice beasts (D:8)
  19 wolves
  2 centaurs
  A phantom (D:5)
  3 kobold brigands
  6 bullfrogs
  2 scorpions (D:6)
  13 wights
  11 killer bees
  8 howler monkeys
  A lava snake (D:9)
  A gnoll bouda (D:7)
  7 hounds
  3 orc priests
  2 jellies
  A sleepcap (D:7)
  3 iguanas
  14 orc wizards
  7 gnolls
  7 adders
  2 shadow imps
  3 white imps
  An ufetubus (D:5)
  3 worms
  4 dart slugs
  28 orcs
  8 ball pythons
  9 endoplasms
  2 giant cockroaches
  8 goblins
  8 hobgoblins
  13 jackals
  18 kobolds
  3 quokkas
  3 bats
  4 frilled lizards
  9 rats
434 creatures vanquished.

Notes
Turn   | Place    | Note
-------+----------+-------------------------------------------
     0 | D:1      | qw the Minotaur Hunter began the quest for the Orb.
     0 | D:1      | Reached XP level 1. HP: 18/18 MP: 0/0
     0 | D:1      | 0 ||| qw: Version: 0.2-a-120-gdf1a93b
     0 | D:1      | 0 ||| qw: Game counter: 2989
     0 | D:1      | 0 ||| qw: Always use a shield: true
     0 | D:1      | 0 ||| qw: God list: Okawaru
     0 | D:1      | 0 ||| qw: Allow faded altars: false
     0 | D:1      | 0 ||| qw: Do Orc after D:15 true
     0 | D:1      | 0 ||| qw: Do second Lair branch before Depths: true
     0 | D:1      | 0 ||| qw: Lair rune preference: random
     0 | D:1      | 0 ||| qw: Plans: Normal
     0 | D:1      | 0 ||| PLANNING D:1-11
    73 | D:1      | Reached XP level 2. HP: 25/25 MP: 1/1
    77 | D:1      | Reached skill level 5 in Ranged Weapons
   312 | D:1      | Reached skill level 3 in Fighting
   384 | D:1      | Reached XP level 3. HP: 31/31 MP: 2/2
   497 | D:1      | 497 ||| READING 2 scrolls labelled RECEEG YTSENGA.
   498 | D:1      | 498 ||| READING scroll labelled GUAFIC LUNAOF.
   499 | D:1      | 499 ||| READING scroll labelled UZETIMIPLOFF.
   500 | D:1      | 500 ||| DRINKING 2 ruby potions.
   501 | D:1      | 501 ||| DROPPING scroll of magic mapping.
   502 | D:1      | 502 ||| DROPPING scroll of butterflies.
   503 | D:1      | 503 ||| DROPPING potion of degeneration.
   505 | D:1      | 505 ||| Stepping ~*~*~tactically~*~*~ (cloud).
   512 | D:1      | HP: 7/31 [poisoned by you (poison gas)]
   658 | D:2      | 658 ||| STAIRDANCE
   665 | D:1      | HP: 7/31 [poisoned by an adder]
   763 | D:1      | 763 ||| UPGRADING to +0 pair of boots.
   959 | D:2      | Reached skill level 6 in Ranged Weapons
   959 | D:2      | Reached XP level 4. HP: 36/38 MP: 3/3
  1025 | D:2      | Reached skill level 1 in Armour
  1036 | D:2      | HP: 9/38 [adder (2)]
  1041 | D:2      | HP: 6/38 [poisoned by an adder]
  1269 | D:2      | Found Lareps's Assorted Antiques.
  1277 | D:2      | 1277 ||| BUYING fizzy white potion (18 gold).
  1277 | D:2      | Bought a fizzy white potion for 18 gold pieces
  1277 | D:2      | 1277 ||| SHOPLISTING ring mail (84 gold, have 16).
  1277 | D:2      | 1277 ||| SHOPLISTING scroll labelled VUGYTTALENN (21 gold,
                  | have 16).
  1277 | D:2      | 1277 ||| SHOPLISTING scroll labelled XEBROR OXKYSCH (21
                  | gold, have 16).
  1638 | D:2      | 1638 ||| UPGRADING to amulet of the acrobat.
  1643 | D:2      | 1643 ||| READING scroll labelled EFOMIU GUUTADIBUW.
  1644 | D:2      | 1644 ||| READING scroll labelled CETTAM WOLOTZA.
  1644 | D:2      | Identified a scroll of acquirement
  1644 | D:2      | 1644 ||| ACQUIRING +2 ring mail "Rethih Zooga" {rElec
                  | Regen+ Slay+2 SInv}
  1644 | D:2      | Acquired the +2 ring mail "Rethih Zooga" {rElec Regen+
                  | Slay+2 SInv}
  1646 | D:2      | 1646 ||| UPGRADING to +2 ring mail "Rethih Zooga" {rElec
                  | Regen+ Slay+2 SInv}.
  1656 | D:2      | 1656 ||| DROPPING +0 leather armour.
  1712 | D:3      | 1712 ||| STAIRDANCE
  1762 | D:3      | Reached XP level 5. HP: 46/46 MP: 4/4
  1980 | D:3      | Found an ornate altar of the Wu Jian Council.
  2173 | D:3      | 2173 ||| READING scroll labelled JUIN KEOHAGA.
  2176 | D:3      | 2176 ||| READING scroll labelled COIKAO NIADUC.
  2187 | D:4      | Found a transporter.
  2245 | D:4      | Reached skill level 7 in Ranged Weapons
  2397 | D:4      | Noticed an ogre
  2406 | D:4      | Killed an ogre
  2407 | D:4      | Reached XP level 6. HP: 34/52 MP: 5/5
  2685 | D:4      | Found a snail-covered altar of Cheibriados.
  2707 | D:4      | Noticed a water moccasin
  2742 | D:4      | Found a transporter.
  2975 | D:4      | Reached skill level 8 in Ranged Weapons
  3222 | D:4      | 3222 ||| READING scroll of enchant weapon.
  3222 | D:4      | 3222 ||| ENCHANTING +1 shortbow.
  3270 | D:4      | Reached XP level 7. HP: 61/61 MP: 6/6
  3347 | D:4      | 3347 ||| READING scroll labelled ETITZI JIESKA.
  3348 | D:4      | 3348 ||| READING scroll labelled GACAGEA YWNIU.
  3349 | D:4      | 3349 ||| READING scroll labelled JYCRIU DAZOMA.
  3350 | D:4      | 3350 ||| DRINKING 2 cyan potions.
  3351 | D:4      | 3351 ||| DROPPING potion of enlightenment.
  3387 | D:5      | Entered Level 5 of the Dungeon
  3504 | D:5      | Reached skill level 3 in Dodging
  3740 | D:5      | 3740 ||| DROPPING scarf of harm.
  3741 | D:5      | 3741 ||| READING 2 scrolls labelled AXIABB KEFEKA.
  3742 | D:5      | 3742 ||| READING scroll labelled XEBROR OXKYSCH.
  3743 | D:5      | 3743 ||| DROPPING scroll of noise.
  3758 | D:6      | Found a staircase to the Ecumenical Temple.
  3759 | D:6      | 3759 ||| PLANNING TEMPLE
  3759 | D:6      | 3759 ||| STAIRDANCE
  3763 | D:6      | 3763 ||| STAIRDANCE
  3767 | D:6      | 3767 ||| STAIRDANCE
  3781 | D:6      | Reached skill level 9 in Ranged Weapons
  3783 | Temple   | Entered the Ecumenical Temple
  3819 | Temple   | 3819 ||| PLANNING OKAWARU WORSHIP
  3893 | Temple   | Became a worshipper of Warmaster Okawaru
  3893 | Temple   | 3893 ||| PLANNING D:1-11
  3985 | D:6      | Reached skill level 6 in Fighting
  3985 | D:6      | Reached XP level 8. HP: 71/71 MP: 7/7
  4007 | D:6      | Noticed Prince Ribbit
  4017 | D:6      | Killed Prince Ribbit
  4017 | D:6      | Reached * piety under Okawaru
  4250 | D:6      | Found an opulent altar of Gozag.
  4259 | D:6      | 4259 ||| INVOKING Heroism.
  4262 | D:6      | Reached skill level 1 in Invocations
  4509 | D:6      | 4509 ||| UPGRADING to +5 ring of evasion.
  4510 | D:6      | 4510 ||| READING scroll labelled LUELEADIEFF.
  4529 | D:7      | Reached skill level 10 in Ranged Weapons
  4602 | D:7      | Reached skill level 3 in Invocations
  4630 | D:7      | Reached ** piety under Okawaru
  4803 | D:7      | Reached XP level 9. HP: 74/79 MP: 9/11
  4862 | D:7      | Found a radiant altar of Vehumet.
  4878 | D:7      | 4878 ||| INVOKING Heroism.
  4896 | D:7      | Noticed Maggie
  4913 | D:7      | 4913 ||| INVOKING Heroism.
  4917 | D:7      | Killed Maggie
  4918 | D:7      | Reached skill level 11 in Ranged Weapons
  4922 | D:7      | Reached skill level 3 in Armour
  4994 | D:7      | Identified the staff of air "Duith" {rElec rPois Dex+2}
  5063 | D:7      | Found a sparkling altar of Nemelex Xobeh.
  5242 | D:7      | Found a white marble altar of Elyvilon.
  5285 | D:7      | Noticed a troll
  5286 | D:7      | 5286 ||| INVOKING Heroism.
  5292 | D:7      | Killed a troll
  5293 | D:7      | Reached skill level 12 in Ranged Weapons
  5409 | D:7      | 5409 ||| UPGRADING to +0 pair of gloves.
  5414 | D:7      | 5414 ||| UPGRADING to +4 ring of slaying {mikee}.
  5415 | D:7      | 5415 ||| DROPPING ring of see invisible.
  5416 | D:7      | 5416 ||| READING 2 scrolls labelled VUGYTTALENN.
  5417 | D:7      | 5417 ||| READING 3 scrolls of identify.
  5417 | D:7      | 5417 ||| IDENTIFYING sedimented sapphire potion
  5418 | D:7      | 5418 ||| READING 2 scrolls of identify.
  5418 | D:7      | 5418 ||| IDENTIFYING lumpy puce potion
  5419 | D:7      | 5419 ||| DROPPING potion of ambrosia.
  5420 | D:7      | 5420 ||| DROPPING scroll of fear.
  5443 | D:8      | Noticed Grum
  5444 | D:8      | 5444 ||| INVOKING Heroism.
  5456 | D:8      | 5456 ||| Stepping ~*~*~tactically~*~*~ (outnumbered).
  5470 | D:8      | 5470 ||| INVOKING Heroism.
  5471 | D:8      | Killed Grum
  5515 | D:8      | Reached *** piety under Okawaru
  5537 | D:8      | Found a shimmering altar of Xom.
  5594 | D:8      | Reached XP level 10. HP: 84/88 MP: 12/12
  5780 | D:8      | 5780 ||| Stepping ~*~*~tactically~*~*~ (outnumbered).
  5783 | D:8      | 5783 ||| Stepping ~*~*~tactically~*~*~ (outnumbered).
  6290 | D:8      | 6290 ||| DRINKING 2 golden potions.
  6291 | D:8      | 6291 ||| DRINKING 2 lumpy golden potions.
  6292 | D:8      | 6292 ||| READING 2 scrolls of identify.
  6292 | D:8      | 6292 ||| IDENTIFYING fizzy white potion
  6293 | D:8      | 6293 ||| DROPPING potion of attraction.
  6363 | D:8      | Noticed a rust devil
  6363 | D:8      | Noticed a rust devil
  6364 | D:8      | 6364 ||| INVOKING Heroism.
  6371 | D:8      | Reached skill level 13 in Ranged Weapons
  6373 | D:8      | Killed a rust devil
  6388 | D:8      | 6388 ||| READING 4 scrolls of teleportation.
  6548 | D:9      | Reached skill level 9 in Fighting
  6635 | D:9      | Found a glowing golden altar of the Shining One.
  6653 | D:9      | Found a blossoming altar of Fedhas.
  6676 | D:9      | Noticed a brown ugly thing
  6687 | D:9      | 6687 ||| INVOKING Heroism.
  6688 | D:9      | Killed a brown ugly thing
  6689 | D:9      | Reached skill level 6 in Dodging
  6793 | D:9      | Paralysed by a hornet for 2 turns
  6803 | D:9      | 6803 ||| INVOKING Heroism.
  6885 | D:9      | 6885 ||| FLEEEEING.
  6886 | D:9      | 6886 ||| FLEEEEING.
  6887 | D:9      | 6887 ||| FLEEEEING.
  6890 | D:9      | 6890 ||| FLEEEEING.
  6988 | D:9      | 6988 ||| INVOKING Heroism.
  7065 | D:9      | Reached **** piety under Okawaru
  7071 | D:9      | 7071 ||| Stepping ~*~*~tactically~*~*~ (outnumbered).
  7249 | D:9      | Found an ancient bone altar of Kikubaaqudgha.
  7320 | D:9      | Found a sacrificial altar of Ru.
  7418 | D:10     | Entered Level 10 of the Dungeon
  7431 | D:10     | Found a stormy altar of Qazlal.
  7455 | D:10     | Reached skill level 14 in Ranged Weapons
  7459 | D:10     | 7459 ||| INVOKING Heroism.
  7518 | D:10     | 7518 ||| SWAPPING to +0 orcbow.
  7519 | D:10     | 7519 ||| DROPPING +2 shortbow.
  7533 | D:10     | Noticed a two-headed ogre
  7534 | D:10     | 7534 ||| INVOKING Heroism.
  7551 | D:10     | Reached XP level 11. HP: 68/97 MP: 11/14
  7553 | D:10     | 7553 ||| INVOKING Heroism.
  7555 | D:10     | Killed a two-headed ogre
  7556 | D:10     | Reached skill level 6 in Invocations
  7615 | D:10     | 7615 ||| INVOKING Heroism.
  7621 | D:10     | Reached ***** piety under Okawaru
  7680 | D:10     | Found a shimmering blue altar of Sif Muna.
  7785 | D:10     | Found a transporter.
  7787 | D:10     | Found a transporter.
  7789 | D:10     | Found a transporter.
  7829 | D:10     | 7829 ||| INVOKING Heroism.
  7855 | D:10     | 7855 ||| INVOKING Heroism.
  7856 | D:10     | 7856 ||| Stepping ~*~*~tactically~*~*~ (outnumbered).
  7884 | D:10     | 7884 ||| DRINKING 2 potions of curing.
  7884 | D:10     | 7884 ||| (to cure confusion)
  7894 | D:10     | Noticed Erolcha
  7895 | D:10     | 7895 ||| INVOKING Heroism.
  7901 | D:10     | Killed Erolcha
  7918 | D:10     | Found a runed translucent gate.
  7919 | D:10     | Found a runed translucent gate.
  7919 | D:10     | Noticed qw's ghost (journeyman GrHu)
  7922 | D:10     | Found a runed translucent gate.
  8023 | D:10     | Found a transporter.
  8437 | D:10     | 8437 ||| UPGRADING to +1 pair of gloves.
  8447 | D:10     | 8447 ||| DROPPING +0 pair of gloves.
  8448 | D:10     | 8448 ||| DROPPING ring of ice.
  8449 | D:10     | 8449 ||| READING 4 scrolls of identify.
  8449 | D:10     | 8449 ||| IDENTIFYING sedimented silvery potion
  8450 | D:10     | 8450 ||| READING 3 scrolls of identify.
  8450 | D:10     | 8450 ||| IDENTIFYING smoky ruby potion
  8451 | D:10     | 8451 ||| DROPPING potion of brilliance.
  8518 | D:11     | 8518 ||| INVOKING Heroism.
  8545 | D:11     | Noticed a red ugly thing
  8554 | D:11     | 8554 ||| INVOKING Heroism.
  8556 | D:11     | Killed a red ugly thing
  8614 | D:11     | 8614 ||| INVOKING Heroism.
  8618 | D:11     | 8618 ||| Stepping ~*~*~tactically~*~*~ (outnumbered).
  8645 | D:11     | Found a staircase to the Orcish Mines.
  8647 | D:11     | Found Veyskoco's Weapon Boutique.
  8749 | D:11     | 8749 ||| INVOKING Heroism.
  8830 | D:11     | 8830 ||| INVOKING Heroism.
  8835 | D:11     | 8835 ||| Stepping ~*~*~tactically~*~*~ (outnumbered).
  8935 | D:11     | Found a staircase to the Lair.
  9002 | D:11     | 9002 ||| INVOKING Heroism.
  9158 | D:11     | Noticed a boulder beetle
  9159 | D:11     | 9159 ||| INVOKING Heroism.
  9180 | D:11     | Killed a boulder beetle
  9181 | D:11     | Reached skill level 15 in Ranged Weapons
  9236 | D:11     | 9236 ||| INVOKING Heroism.
  9721 | D:11     | 9721 ||| READING scroll labelled ECSUDA JEAFY.
  9822 | D:11     | 9822 ||| READING 2 scrolls of identify.
  9822 | D:11     | 9822 ||| IDENTIFYING lumpy ruby potion
  9823 | D:11     | 9823 ||| DROPPING potion of lignification.
  9930 | D:11     | 9930 ||| INVOKING Heroism.
  9959 | D:11     | 9959 ||| INVOKING Heroism.
  9998 | D:11     | Noticed a boulder beetle
 10000 | D:11     | 10000 ||| INVOKING Heroism.
 10029 | D:11     | Killed a boulder beetle
 10030 | D:11     | Reached skill level 9 in Invocations
 10048 | D:11     | Noticed a wizard
 10052 | D:11     | Killed a wizard
 10119 | D:11     | 10119 ||| PLANNING LAIR
 10119 | D:11     | 10119 ||| UPGRADING to +1 hat.
 10191 | Lair:1   | Entered Level 1 of the Lair of Beasts
 10192 | Lair:1   | 10192 ||| INVOKING Heroism.
 10198 | Lair:1   | Reached XP level 12. HP: 106/106 MP: 14/17
 10247 | Lair:1   | 10247 ||| INVOKING Heroism.
 10306 | Lair:1   | 10306 ||| INVOKING Heroism.
 10363 | Lair:1   | Found a frozen archway.
 10393 | Lair:1   | Reached skill level 16 in Ranged Weapons
 10395 | Lair:1   | 10395 ||| INVOKING Heroism.
 10407 | Lair:1   | Noticed Nergalle
 10413 | Lair:1   | Received a gift from Okawaru
 10419 | Lair:1   | HP: 25/103 [Nergalle/bolt of negative energy (22)]
 10420 | Lair:1   | 10420 ||| READING 4 scrolls of teleportation.
 10616 | Lair:1   | 10616 ||| Stepping ~*~*~tactically~*~*~ (water).
 10779 | Lair:1   | 10779 ||| INVOKING Heroism.
 10795 | Lair:1   | Killed Nergalle
 10926 | Lair:1   | Reached skill level 6 in Armour
 10936 | Lair:1   | 10936 ||| INVOKING Heroism.
 11255 | Lair:2   | Noticed a boulder beetle
 11256 | Lair:2   | 11256 ||| INVOKING Heroism.
 11257 | Lair:2   | 11257 ||| INVOKING Finesse.
 11291 | Lair:2   | Killed a boulder beetle
 11345 | Lair:2   | Reached skill level 12 in Fighting
 11506 | Lair:2   | 11506 ||| INVOKING Heroism.
 11540 | Lair:2   | 11540 ||| Stepping ~*~*~tactically~*~*~ (outnumbered).
 11544 | Lair:2   | Reached skill level 9 in Dodging
 11544 | Lair:2   | 11544 ||| Stepping ~*~*~tactically~*~*~ (outnumbered).
 11556 | Lair:2   | 11556 ||| INVOKING Heroism.
 11563 | Lair:2   | 11563 ||| DROPPING ring of protection from cold.
 11566 | Lair:2   | 11566 ||| Stepping ~*~*~tactically~*~*~ (outnumbered).
 11570 | Lair:2   | 11570 ||| FLEEEEING.
 11575 | Lair:2   | 11575 ||| FLEEEEING.
 11578 | Lair:2   | 11578 ||| FLEEEEING.
 11837 | Lair:2   | Found a staircase to the Shoals.
 12185 | Lair:2   | 12185 ||| READING 2 scrolls of identify.
 12185 | Lair:2   | 12185 ||| IDENTIFYING murky purple potion
 12258 | Lair:3   | Found a hole to the Spider Nest.
 12291 | Lair:3   | Reached XP level 13. HP: 113/119 MP: 19/19
 12565 | Lair:3   | 12565 ||| INVOKING Heroism.
 12648 | Lair:3   | 12648 ||| INVOKING Heroism.
 13060 | Lair:3   | 13060 ||| DRINKING 2 fuming amethyst potions.
 13060 | Lair:3   | Gained mutation: You have sharp toenails. [potion of
                  | mutation]
 13060 | Lair:3   | Gained mutation: You are partially covered in iridescent
                  | scales. (AC +2) [potion of mutation]
 13091 | Lair:4   | 13091 ||| INVOKING Heroism.
 13116 | Lair:4   | 13116 ||| INVOKING Heroism.
 13135 | Lair:4   | Identified the +0 ring mail of the Other Side {Will+ Regen+
                  | Int+7} (Okawaru gifted it to you on level 4 of the Lair of
                  | Beasts)
 13135 | Lair:4   | Received a gift from Okawaru
 13202 | Lair:4   | 13202 ||| INVOKING Heroism.
 13317 | Lair:4   | Found a runed translucent gate.
 13317 | Lair:4   | Found a runed translucent gate.
 13317 | Lair:4   | Found a runed translucent gate.
 13331 | Lair:4   | Noticed a minotaur
 13414 | Lair:4   | 13414 ||| INVOKING Heroism.
 13488 | Lair:4   | Noticed qw's ghost (journeyman GrFi)
 13557 | Lair:4   | 13557 ||| READING 3 scrolls of enchant weapon.
 13557 | Lair:4   | 13557 ||| ENCHANTING +0 orcbow.
 13558 | Lair:4   | 13558 ||| READING 2 scrolls of enchant weapon.
 13558 | Lair:4   | 13558 ||| ENCHANTING +1 orcbow.
 13559 | Lair:4   | 13559 ||| READING scroll of enchant weapon.
 13559 | Lair:4   | 13559 ||| ENCHANTING +2 orcbow.
 13631 | Lair:4   | Identified the +1 leather armour "Oklauv" {rPois Int+3
                  | Dex-2}
 13939 | Lair:4   | 13939 ||| UPGRADING to +6 ring of dexterity.
 13941 | Lair:4   | 13941 ||| DROPPING +4 ring of protection.
 13942 | Lair:4   | 13942 ||| UPGRADING to +5 ring of evasion.
 13944 | Lair:4   | 13944 ||| DROPPING +4 ring of slaying {mikee}.
 13982 | Lair:5   | Entered Level 5 of the Lair of Beasts
 14022 | Lair:5   | 14022 ||| READING scroll of enchant weapon.
 14022 | Lair:5   | 14022 ||| ENCHANTING +3 orcbow.
 14052 | Lair:5   | Found a runed translucent door.
 14053 | Lair:5   | Noticed a fire dragon
 14054 | Lair:5   | 14054 ||| INVOKING Heroism.
 14091 | Lair:5   | Paralysed by a hornet for 1 turns
 14101 | Lair:5   | 14101 ||| INVOKING Heroism.
 14183 | Lair:5   | 14183 ||| FLEEEEING.
 14184 | Lair:5   | 14184 ||| FLEEEEING.
 14185 | Lair:5   | 14185 ||| FLEEEEING.
 14186 | Lair:5   | 14186 ||| FLEEEEING.
 14187 | Lair:5   | 14187 ||| FLEEEEING.
 14194 | Lair:5   | 14194 ||| INVOKING Heroism.
 14251 | Lair:5   | 14251 ||| INVOKING Heroism.
 14475 | Lair:5   | 14475 ||| Stepping ~*~*~tactically~*~*~ (outnumbered).
 14476 | Lair:5   | 14476 ||| Stepping ~*~*~tactically~*~*~ (outnumbered).
 14479 | Lair:5   | 14479 ||| Stepping ~*~*~tactically~*~*~ (outnumbered).
 14488 | Lair:5   | 14488 ||| INVOKING Heroism.
 14498 | Lair:5   | Reached skill level 12 in Dodging
 14640 | Lair:5   | Found a runed translucent door.
 14640 | Lair:5   | Found a viscous altar of Jiyva.
 14640 | Lair:5   | Noticed an azure jelly
 14640 | Lair:5   | Noticed an azure jelly
 14660 | Lair:5   | Found a staircase to the Slime Pits.
 14693 | Lair:5   | 14693 ||| INVOKING Heroism.
 14746 | Lair:5   | 14746 ||| INVOKING Heroism.
 14803 | Lair:5   | 14803 ||| READING 2 scrolls of identify.
 14803 | Lair:5   | 14803 ||| IDENTIFYING grey potion
 14807 | Lair:5   | 14807 ||| Stepping ~*~*~tactically~*~*~ (outnumbered).
 14809 | Lair:5   | 14809 ||| Stepping ~*~*~tactically~*~*~ (outnumbered).
 14831 | Lair:5   | 14831 ||| Stepping ~*~*~tactically~*~*~ (water).
 14832 | Lair:5   | 14832 ||| INVOKING Heroism.
 14836 | Lair:5   | Reached XP level 14. HP: 133/133 MP: 17/20
 14854 | Lair:5   | 14854 ||| DRINKING potion of resistance.
 14855 | Lair:5   | 14855 ||| Stepping ~*~*~tactically~*~*~ (water).
 14857 | Lair:5   | 14857 ||| Stepping ~*~*~tactically~*~*~ (water).
 14922 | Lair:5   | 14922 ||| INVOKING Heroism.
 14926 | Lair:5   | 14926 ||| INVOKING Finesse.
 14930 | Lair:5   | Reached skill level 15 in Fighting
 14979 | Lair:5   | HP: 32/135 [poisoned by a swamp dragon (poison gas)]
 14980 | Lair:5   | 14980 ||| READING 7 scrolls of teleportation.
 14980 | Lair:5   | HP: 2/135 [poisoned by a swamp dragon (poison gas)]
 14980 | Lair:5   | Killed from afar by a swamp dragon

Levels and vault maps discovered:
D:1:      wander_arrival_peaceful_grave, layout_basic, serial_aquarium,
          aquarium_bridge_straight [aquarium_subvault_bridge,
          aquarium_subvault_wall, aquarium_subvault_bridge,
          aquarium_subvault_wall], aquarium_bridge_square
          [aquarium_subvault_bridge, aquarium_subvault_wall,
          aquarium_subvault_wall, aquarium_subvault_balcony], aquarium_window_3,
          aquarium_window_1, aquarium_view_2b
D:2:      minmay_inner_zag, layout_loops_ring, serial_shops, nicolae_shop_stone,
          dk_noncrumbling_3
D:3:      layout_basic, mainiacjoe_overflow_six_doors_small, st_stairs_8,
          minmay_tree_intersection
D:4:      gammafunk_wand_slinger, layout_layer_cave, kennysheep_slug_shrine,
          lightli_corner_chamber
D:5:      layout_basic, chequers_serial_rivers_small_3, cheibrodos_gnoll_hut
D:6:      layout_basic, mainiacjoe_overflow_brackets, minmay_temple_entry_tees,
          uniq_prince_ribbit1
D:7:      layout_basic, kennysheep_little_box, nicolae_vehumet_radiance,
          lemuel_round_altar, uniq_maggie
D:8:      cheibrodos_iron_armory, layout_loops_ring,
          mainiacjoe_overflow_surrounded_room, uniq_grum
D:9:      layout_cave_pools, nicolae_overflow_quartered_altars, kennysheep_dice
D:10:     layout_roguey, nicolae_sif_muna_little_library,
          mainiacjoe_overflow_small_starburst, biasface_ghost_orc_armoury,
          nicolae_diode_quadrants, uniq_erolcha
D:11:     minmay_inside_and_out, layout_basic, lair_entry_dummy, orc_david_3
Temple:   kb_temple_of_zot
Lair:1:   layout_chaotic_city, portal_ice_cave_entry_pillars_1,
          beast_lair_carwin_3, wad_woods_river_01, infiniplex_staircase_pool_2,
          uniq_nergalle
Lair:2:   layout_cave_pods, elwin_shoals_entry_stream
Lair:3:   layout_regular_city, spider_nest_entry_webs, enter_volcano_3,
          serial_rivers, chequers_serial_rivers_micro_b,
          chequers_serial_rivers_room_a, chequers_serial_rivers_room_b,
          chequers_serial_rivers_large_a
Lair:4:   layout_loops_ring, maelrawn_ghost_gauntlet_escape
Lair:5:   guppyfry_lair_end_dragon, layout_regular_city, wormcave,
          slime_entry_2, serial_bayou_pond_e, minmay_lair_drake_nest

Skill      XL: |  1  2  3  4  5  6  7  8  9 10 11 12 13 14 |
---------------+-------------------------------------------+-----
Ranged Weapons | 5 6 7 8 9 10 12 14 15 16 | 16.0
Fighting       | 3 4 5 6 7 8 9 10 12 14 15 | 15.0
Armour         | 1 2 4 5 6 8 |  8.0
Dodging        | 3 5 6 7 9 12 | 12.1
Invocations    | 4 5 9 10 | 10.0
Stealth        | |  0.7

Action                     |  1- 3 |  4- 6 |  7- 9 | 10-12 | 13-15 || total
---------------------------+-------+-------+-------+-------+-------++-------
   Fire: Shortbow          |    99 |   182 |   294 |   202 |       ||   777
         Orcbow            |       |       |       |   567 |   435 ||  1002
 Invoke: Heroism           |       |       |     6 |    31 |    15 ||    52
         Finesse           |       |       |       |     1 |     1 ||     2
    Use: Scroll            |     3 |     5 |     9 |     8 |     6 ||    31
         Potion            |     1 |       |     1 |     3 |     2 ||     7
 Armour: Leather armour    |     9 |    13 |       |       |       ||    22
         Ring mail         |       |    11 |    33 |    69 |    38 ||   151
  Dodge: Dodged            |    31 |    55 |   109 |   393 |   269 ||   857

Table legend:
 A = Non-vault XP
 B = Vault XP
 C = Vault XP percentage of total XP
 D = Non-vault monster count
 E = Vault monster count
 F = Vault count percentage of total count
                 A         B        C        D         E       F
            +---------+---------+-------+---------+---------+-------
      Total |   40882 |   26122 |  39.0 |     342 |      92 |  21.2
            +---------+---------+-------+---------+---------+-------
        D:1 |      55 |       0 |   0.0 |      27 |       0 |   0.0
        D:2 |     124 |      11 |   8.1 |      27 |       5 |  15.6
        D:3 |      27 |      11 |  28.9 |      14 |       1 |   6.7
        D:4 |     525 |       4 |   0.8 |      30 |       1 |   3.2
        D:5 |     398 |      96 |  19.4 |      15 |       3 |  16.7
        D:6 |     428 |     274 |  39.0 |       8 |       1 |  11.1
        D:7 |    1831 |     434 |  19.2 |      31 |       1 |   3.1
        D:8 |    1324 |    1390 |  51.2 |      25 |       8 |  24.2
        D:9 |    2059 |     206 |   9.1 |      21 |       1 |   4.5
       D:10 |    4403 |     865 |  16.4 |      22 |       1 |   4.3
       D:11 |    1661 |    5717 |  77.5 |      19 |      16 |  45.7
     Lair:1 |    7658 |    4322 |  36.1 |      34 |      12 |  26.1
     Lair:2 |    2537 |    1221 |  32.5 |      12 |       4 |  25.0
     Lair:3 |    5735 |     468 |   7.5 |      19 |       3 |  13.6
     Lair:4 |    9783 |       0 |   0.0 |      30 |       0 |   0.0
     Lair:5 |    2334 |   11103 |  82.6 |       8 |      35 |  81.4
            +---------+---------+-------+---------+---------+-------
